 Dungeon Crawl Stone Soup version 0.18.1-48-g4cf74bf (console) character file.

1553 Kloppie the Fighter (level 8, -2/78 HPs)
             Began as a Minotaur Wanderer on July 13, 2016.
             Was a Follower of Makhleb.
             Killed from afar by an orc wizard (5 damage)
             ... with a magic dart
             ... on level 6 of the Dungeon.
             The game lasted 00:09:22 (4764 turns).

Kloppie the Fighter (Minotaur Wanderer)             Turns: 4764, Time: 00:09:23

Health: -2/78      AC: 15    Str: 18    XL:     8   Next: 57%
Magic:  8/8        EV:  6    Int: 15    God:    Makhleb [*.....]
Gold:   209        SH:  0    Dex: 10    Spells: 0 memorised, 7 levels left

rFire  . . .     SeeInvis .     a - +1 mace
rCold  . . .     Gourm    .     t - +0 plate armour
rNeg   . . .     Faith    .     (no shield)
rPois  .         Spirit   .     (helmet restricted)
rElec  .         Dismiss  .     C - +1 cloak
rCorr  .         Reflect  .     (no gloves)
SustAt .         Harm     .     (no boots)
MR     .....                    (no amulet)
Stlth  ..........               (no ring)
                                s - +5 ring of intelligence

@: very slightly contaminated, invisible, not resistant to hostile enchantments,
extremely unstealthy
A: retaliatory headbutt, horns 2
a: Renounce Religion


You were on level 6 of the Dungeon.
You worshipped Makhleb.
Makhleb was aware of your devotion.
You were not hungry.

You visited 1 branch of the dungeon, and saw 6 of its levels.
You also visited: Sewer.

You collected 209 gold pieces.

Inventory:

Hand Weapons
 a - a +1 mace (weapon)
 b - a +0 shortbow
 q - a +0 morningstar
Missiles
 d - 61 arrows
Armour
 t - a +0 plate armour (worn)
 C - a +1 cloak (worn)
Jewellery
 s - a +5 ring of intelligence (left hand)
 E - an uncursed ring of fire
Wands
 B - a wand of enslavement (9/24)
Scrolls
 e - a scroll of enchant armour
 g - 3 scrolls of recharging
 r - 4 scrolls of magic mapping
 u - 3 scrolls of remove curse
 v - a scroll of enchant weapon
 x - a scroll of teleportation
 y - a scroll of fear
Potions
 k - 4 potions of haste
 m - 3 potions of magic
 n - a potion of lignification
 p - 3 potions of degeneration {unknown}
 w - a potion of curing {unknown}
 A - a potion of berserk rage {unknown}
 D - a potion of heal wounds {unknown}
Miscellaneous
 h - a phial of floods
Comestibles
 f - 4 bread rations
 i - 3 beef jerkies
 j - 5 chunks of flesh
 l - 3 fruits
 o - 2 meat rations
 z - a slice of pizza


   Skills:
 + Level 9.2 Fighting
 + Level 7.2 Maces & Flails
 - Level 1.1 Bows
 - Level 1.0 Throwing
 + Level 7.7 Armour
 - Level 1.7 Evocations


You had 7 spell levels left.
You didn't know any spells.

Dungeon Overview and Level Annotations

Branches:
Dungeon (6/15)             Temple (0/1) D:5

Altars:
Makhleb
Trog


Innate Abilities, Weirdness & Mutations

You reflexively headbutt those who attack you in melee.
You have a pair of horns on your head.


Message History

The orc wizard is almost dead.
The orc wizard hits you with a dagger.
* * * LOW HITPOINT WARNING * * *
The orc priest barely misses you.
The orc wizard hits you but does no damage.
The orc barely misses you. You furiously retaliate!
You headbutt the orc!
You kill the orc!
Makhleb accepts your kill.
The orc wizard points at you and mumbles some strange words.
The puff of frost hits you!
* * * LOW HITPOINT WARNING * * *
Drink which item? (? for menu, Esc to quit)
You fade into invisibility!
You are very lightly contaminated with residual magic.
The orc wizard points at something and mumbles some strange words.
The puff of flame hits you!
* * * LOW HITPOINT WARNING * * *
The orc wizard gestures at something while chanting.
The magic dart hits you!
You die...

.........#....#
.....#
#.......#########
#................
#...............o
#................
#.....o..........
#.....)..........
#####'#####+######
#....oo...@.......
+.....o...........
#.................
##################


You could see an orc priest, an orc wizard and an orc.

Vanquished Creatures
  A phantom (D:5)
  2 ogres (D:4)
  2 centaurs
  6 big kobolds (Sewer)
  A scorpion (D:5)
  A crimson imp (D:4)
  A centaur zombie (D:5)
  The ghost of Tagedieb the Sneak, a weakling SpEn (D:4)
  An orc priest (D:6)
  2 hounds (D:5)
  6 orc wizards (D:5)
  2 worker ants
  A hound skeleton (D:6)
  A howler monkey skeleton (D:5)
  3 gnolls (D:2)
  8 adders
  A river rat (D:4)
  A shadow imp (D:5)
  An ooze (Sewer)
  8 worms
  3 dart slugs (D:1)
  2 giant geckos
  12 orcs
  5 ball pythons
  4 bats
  6 giant cockroaches
  5 goblins
  6 hobgoblins
  10 jackals
  8 kobolds
  3 quokkas
  3 giant newts
  2 jackal skeletons (D:4)
  A quokka skeleton (D:4)
  14 rats
134 creatures vanquished.

Notes
Turn   | Place    | Note
--------------------------------------------------------------
     0 | D:1      | Kloppie the Minotaur Wanderer began the quest for the Orb.
     0 | D:1      | Kloppie set off with: a phial of floods, a +0 ring mail, a +0 shortbow, 23 arrows, a bread ration
     0 | D:1      | Reached XP level 1. HP: 22/22 MP: 0/0
    38 | D:1      | Reached skill level 5 in Fighting
   332 | D:1      | Reached XP level 2. HP: 29/29 MP: 1/1
   419 | D:1      | Reached skill level 1 in Maces & Flails
   544 | D:1      | Reached XP level 3. HP: 25/36 MP: 2/2
  1302 | D:2      | Reached XP level 4. HP: 26/44 MP: 2/4
  1696 | D:2      | Found a bloodstained altar of Trog.
  1851 | D:3      | Noticed a phantom
  2171 | D:4      | Reached skill level 6 in Fighting
  2237 | D:4      | Noticed Tagedieb's ghost (weakling SpEn)
  2243 | D:4      | Killed Tagedieb's ghost
  2243 | D:4      | Reached XP level 5. HP: 50/50 MP: 5/5
  2320 | D:4      | Noticed an ogre
  2333 | D:4      | Killed an ogre
  2486 | D:4      | Reached XP level 6. HP: 54/58 MP: 6/6
  2500 | D:4      | Found a glowing drain.
  2504 | Sewer    | Entered a sewer
  2732 | Sewer    | Reached skill level 7 in Fighting
  2732 | Sewer    | Reached skill level 5 in Armour
  3078 | Sewer    | Reached XP level 7. HP: 60/66 MP: 7/7
  3145 | Sewer    | Reached skill level 5 in Maces & Flails
  3475 | D:4      | Found a burning altar of Makhleb.
  3529 | D:4      | Became a worshipper of Makhleb the Destroyer
  3582 | D:4      | Reached skill level 8 in Fighting
  3758 | D:5      | Entered Level 5 of the Dungeon
  3869 | D:5      | Found a staircase to the Ecumenical Temple.
  3945 | D:5      | Reached XP level 8. HP: 70/75 MP: 8/8
  4311 | D:5      | Reached * piety under Makhleb
  4499 | D:5      | Reached skill level 9 in Fighting
  4762 | D:6      | HP: 2/78 [orc wizard/puff of flame (12)]
  4764 | D:6      | Killed from afar by an orc wizard

Skill      XL: |  1  2  3  4  5  6  7  8 |
---------------+-------------------------+-----
Fighting       | 5 6 7 8 9 |  9.2
Maces & Flails | 1 2 3 4 6 7 |  7.2
Armour         | 4 5 6 7 |  7.7
Bows           | |  1.1
Throwing       | |  1.0
Evocations     | |  1.7

Action                   |  1- 3 |  4- 6 |  7- 9 || total
-------------------------+-------+-------+-------++-------
Melee: Mace              |    97 |   233 |   280 ||   610
       Headbutt          |    13 |    22 |    32 ||    67
 Fire: Shortbow          |       |     2 |       ||     2
  Use: Scroll            |       |       |    14 ||    14
       Potion            |       |       |     1 ||     1
  Eat: Chunk             |     1 |     6 |     7 ||    14
Armor: Ring mail         |    33 |       |       ||    33
       Plate armour      |     6 |   164 |   242 ||   412
Dodge: Dodged            |    61 |    67 |    92 ||   220
